 Dungeon Crawl Stone Soup version 0.23.0-3-gf3c87f2df8 (webtiles) character file.

Game seed: 9256923722611763266

53 Ivernyr the Chiller (level 3, 0/28 HPs)
             Began as a Naga Ice Elementalist on Feb 22, 2019.
             Killed from afar by Sigmund (12 damage)
             ... with a puff of flame
             ... on level 2 of the Dungeon.
             The game lasted 00:02:32 (970 turns).

Ivernyr the Chiller (Naga Ice Elementalist)          Turns: 970, Time: 00:02:33

Health: 0/28       AC:  7    Str: 10    XL:     3   Next: 87%
Magic:  0/6        EV: 10    Int: 16    God:
Gold:   79         SH:  0    Dex: 11    Spells: 3/7 levels left

rFire    . . .     SeeInvis +   d - +1 dagger (venom)
rCold    . . .     Gourm    .   (no shield)
rNeg     . . .     Faith    .   a - +0 robe
rPois    +         Spirit   .   (no helmet)
rElec    .         Reflect  .   (no cloak)
rCorr    .         Harm     .   (no gloves)
MR       .....                  (no barding)
Stlth    ++........             (no amulet)
HPRegen  0.09/turn              (no ring)
MPRegen  0.10/turn              (no ring)

@: icy armour, very slow
A: large, see invisible, deformed body, poison resistance, slowness 2, slow
metabolism 1, spit poison 1, AC +1
a: Spit Poison


You were on level 2 of the Dungeon.
You were not hungry.

You visited 1 branch of the dungeon, and saw 2 of its levels.

You collected 79 gold pieces.

Inventory:

Hand Weapons
 d - a +1 dagger of venom (weapon)
Armour
 a - a +0 robe (worn)
Scrolls
 b - a scroll of teleportation {unknown}
 e - 2 scrolls of fear {unknown}
 f - 3 scrolls of enchant armour {unknown}
 g - a scroll of remove curse {unknown}
 h - a scroll of amnesia {unknown}
 i - a scroll of random uselessness {unknown}
 k - a scroll of magic mapping {unknown}
 l - 3 scrolls of identify {unknown}
 o - a scroll of blinking {unknown}
Potions
 j - a potion of agility {unknown}
 m - a potion of brilliance {unknown}
 n - a potion of curing {unknown}
 p - a potion of berserk rage {unknown}
Comestibles
 c - 6 rations


   Skills:
 + Level 2.1 Dodging
 - Level 3.0 Stealth
 + Level 2.5 Spellcasting
   Level 1.0 Conjurations
 * Level 3.9 Ice Magic


You had 3 spell levels left.
You knew the following spells:

 Your Spells              Type           Power        Failure   Level  Hunger
a - Freeze                Ice            ##..         3%          1    #......
b - Ozocubu's Armour      Chrm/Ice       #.......     26%         3    ###....

Your spell library contained the following spells:

 Spells                   Type           Power        Failure   Level  Hunger
 Throw Frost              Conj/Ice       #.....       11%         2    ##.....
 Throw Icicle             Conj/Ice       #.......     56%         4    #####..
 Summon Ice Beast         Ice/Summ       #.......     65%         4    #####..


Dungeon Overview and Level Annotations

Branches:
Dungeon (2/15)

Altars:

Annotations:
D:2 Sigmund


Innate Abilities, Weirdness & Mutations

You cannot wear boots.
Your serpentine skin is tough. (AC +1)
You have supernaturally acute eyesight. (SInv)
Armour fits poorly on your strangely shaped body.
Your system is resistant to poisons. (rPois)
You cover ground very slowly.
You have a slow metabolism.
You can spit poison.


Message History

Sigmund is heavily wounded.
Sigmund looks more healthy.
Sigmund barely misses you.
You closely miss Sigmund.
Sigmund is severely wounded.
You closely miss Sigmund.
Sigmund is severely wounded.
Sigmund hits you with a +0 scythe of venom!
Press: ? - help, Shift-Dir - straight line, f/p - Sigmund
Aim: Sigmund, wielding a +0 scythe of venom and wearing a +0 robe (severely wounded)
The splash of poison hits Sigmund.
Sigmund is severely wounded.
You feel slightly more hungry. Sigmund closely misses you.
You barely miss Sigmund.
Sigmund is severely wounded.
You closely miss Sigmund.
Sigmund is severely wounded.
You have got your breath back.
Sigmund points at you and mumbles some strange words.
The puff of flame hits you!
You die...

#.. b. ... .# #
#.###.## #.
..##...
#..##.##.>#
#.....##..#
#.#...#.##..#
#.....@@....#
####..(.##.##
##.####.# #.
#.# #
#.#############
#.............#
####.##.#####.#
#.##.# #.##.#


You could see Sigmund.

Vanquished Creatures
  Natasha (D:2)
  3 dart slugs (D:1)
  2 hobgoblins (D:1)
  A quokka (D:2)
  2 bats (D:1)
  2 frilled lizards (D:1)
  3 goblins (D:1)
  4 kobolds (D:1)
  7 rats (D:1)
25 creatures vanquished.

Notes
Turn   | Place    | Note
-------+----------+-------------------------------------------
     0 | D:1      | Ivernyr the Naga Ice Elementalist began the quest for the
                  | Orb.
     0 | D:1      | Reached XP level 1. HP: 15/15 MP: 3/3
   112 | D:1      | Reached XP level 2. HP: 22/22 MP: 5/5
   626 | D:1      | Reached XP level 3. HP: 28/28 MP: 6/6
   631 | D:1      | Learned a level 3 spell: Ozocubu's Armour
   923 | D:2      | Noticed Natasha
   927 | D:2      | Killed Natasha
   957 | D:2      | Noticed Sigmund
   970 | D:2      | Killed from afar by Sigmund

Skill      XL: |  1  2  3 |
---------------+----------+-----
Dodging        | 2 |  2.1
Stealth        | |  3.0
Spellcasting   | |  2.5
Conjurations   | |  1.0
Ice Magic      | |  3.9

Action                   || total
-------------------------++-------
Melee: Dagger            ||    36
 Cast: Freeze            ||     4
       Ozocubu's Armour  ||     1
 Abil: Spit Poison       ||    10
 Stab: Sleeping          ||     4
       Distracted        ||     1
Dodge: Dodged            ||    15
